 Dungeon Crawl Stone Soup version 0.24-a0-484-g962a3eeff7 (webtiles) character file.

Game seed: 4989424807835088322

2564 Tarias the Spear-Bearer (level 9, -2/66 HPs)
             Began as an Octopode Fighter on July 9, 2019.
             Was an Initiate of Gozag.
             Slain by a two-headed ogre
             ... wielding a +0 giant spiked club
              (27 damage)
             ... on level 7 of the Dungeon.
             The game lasted 00:11:16 (9626 turns).

Tarias the Spear-Bearer (Octopode Fighter)          Turns: 9626, Time: 00:11:17

Health: -2/66      AC:  2    Str: 19    XL:     9   Next: 57%
Magic:  27/27      EV: 12    Int: 10    God:    Gozag
Gold:   468        SH:  9    Dex: 15    Spells: 8/8 levels left

rFire    . . .     SeeInvis .   a - +1 trident
rCold    . . .     Gourm    .   b - +0 shield
rNeg     . . .     Faith    .   (helmet restricted)
rPois    .         Spirit   .   (no amulet)
rElec    .         Reflect  .   o - ring of magical power
rCorr    .         Harm     .   m - +4 ring of strength
MR       .....                  q - +1 ring of protection
Stlth    ++........             u - ring of wizardry
HPRegen  0.21/turn              v - ring of magical power
MPRegen  0.20/turn              (no ring)
                                (no ring)
                                (no ring)

@: no status effects
A: almost no armour, stealthy swim, amphibious, 8 rings, constrict 8, camouflage
1, gelatinous body 1
a: Potion Petition, Call Merchant, Bribe Branch, Renounce Religion


You were on level 7 of the Dungeon.
You worshipped Gozag.
Gozag was aware of your devotion.
You were hungry.

You visited 2 branches of the dungeon, and saw 9 of its levels.

You collected 677 gold pieces.
You spent 84 gold pieces at shops.
You paid 125 gold pieces to Gozag.

Inventory:

Hand Weapons
 a - a +1 trident (weapon)
Missiles
 j - 2 atropa-tipped darts (quivered)
Armour
 b - a +0 shield (worn)
Jewellery
 m - a +4 ring of strength (right tentacle)
 o - a ring of magical power (left tentacle)
 q - a +1 ring of protection (on tentacle)
 s - an uncursed ring of fire {unknown}
 u - a ring of wizardry (on tentacle)
 v - a ring of magical power (on tentacle)
Wands
 y - a wand of paralysis (19)
 F - a wand of iceblast (7)
Scrolls
 e - 4 scrolls of remove curse
 f - a scroll of enchant armour
 g - a scroll of fear
 i - 4 scrolls of teleportation
 k - 2 scrolls of fog
 p - 2 scrolls of enchant weapon
 r - 2 scrolls of amnesia
 A - a scroll of torment {unknown}
 D - a scroll of holy word
 E - a scroll of identify
Potions
 c - a potion of might
 h - a potion of haste
 l - 3 potions of flight
 n - 2 potions of lignification
 t - 2 potions of cancellation {unknown}
 w - 4 potions of mutation
 x - 4 potions of brilliance
 z - a potion of curing
 B - 2 potions of ambrosia
 C - 2 potions of heal wounds {unknown}
Comestibles
 d - 6 rations


   Skills:
 - Level 8.0 Fighting
 * Level 10.5 Polearms
 - Level 3.0 Dodging
 - Level 3.0 Shields


You had 8 spell levels left.
You didn't know any spells.
Your spell library contained the following spells:

 Spells                   Type           Power        Failure   Level  Hunger
 Confusing Touch          Hex            #.....       54%         1    ##.....
 Confuse                  Hex            #.......     88%         3    ####...
 Gell's Gravitas          Tloc           #.........   88%         3    ####...
 Petrify                  Tmut/Erth      #.......     99%         4    #####..
 Metabolic Englaciation   Hex/Ice        #.........   100%        5    ######.
 Yara's Violent Unravell  Hex/Tmut       #.........   100%        5    ######.


Dungeon Overview and Level Annotations

Branches:
Dungeon (8/15)             Temple (1/1) D:7
   Lair: D:8-11

Altars:
Ashenzari
Cheibriados
Dithmenos
Elyvilon
Fedhas
Gozag
Hepliaklqana
Makhleb
Nemelex Xobeh
Qazlal
Ru
Uskayaw
Vehumet
Wu Jian
Xom
Yredelemnul
Zin
The Shining One

Shops:
D:7 **(

Annotations:
D:3 3 runed translucent doors, DonutEater's ghost, amateur GrEE
D:7 1 transporter


Innate Abilities, Weirdness & Mutations

You cannot wear most types of armour.
You are very stealthy in the water. (Stealth+)
You are amphibious.
You can wear up to eight rings at the same time.
You can use your tentacles to constrict eight enemies at once.
Your skin changes colour to match your surroundings (Stealth+).
Your rubbery body absorbs attacks. (AC +1, EV +1)


Message History

Aiming: Paralyse
Press: ? - help, Shift-Dir - straight line, f - two-headed ogre
Aim: a two-headed ogre, wielding a +0 giant spiked club and a +0 giant club (chance to defeat MR: 28%)
Okay, then.
The orc warrior shouts!
The orc shouts!
You hear a shout!
The orc shouts!
You hear a shout!
The orc priest shouts!
You hear a shout! x3; The orc warrior shouts!
The orc wizard shouts!
You see here a long sword.
The two-headed ogre misses you. You block the two-headed ogre's attack.
Evoke which item? (* to show all) (? for menu, Esc to quit)
Aiming: Paralyse
Press: ? - help, Shift-Dir - straight line, f - two-headed ogre
Aim: a two-headed ogre, wielding a +0 giant spiked club and a +0 giant club (chance to defeat MR: 28%)
The two-headed ogre easily resists.
The two-headed ogre hits you with a +0 giant spiked club!
* * * LOW HITPOINT WARNING * * *
The two-headed ogre hits you with a +0 giant club!!
You die...
Your body crumbles into a pile of gold.

...####......#
###...###.#####
©..##........#
##...##.########
...##(.......#
###...###.........
.#.##........###...###
##########
##.##........#(..######
#.......
#..).............>.#.#
#.######
#######.....##..##.#.# #>#
##...# #.....###.##...####.#
...#.###.......#@###.......#
.###..##.......#O# #..######
## ##..###.....#.# ##.#
##..##.....#.# #.#
##..#.....#.# #.# ##
##.#.....#.# #.# .#
#.......#.####.# ### .#
##.............## #.. .#
#..............# #.#


You could see a two-headed ogre.

Vanquished Creatures
  Psyche (D:8)
  2 hungry ghosts
  An orc warrior (D:8)
  A black bear (D:8)
  5 centaurs
  An ogre (D:5)
  4 bullfrogs
  A wyvern skeleton (D:7)
  4 killer bees (D:8)
  A bullfrog zombie (D:5)
  2 hounds
  A jelly (D:6)
  4 orc priests
  An orc wizard (D:6)
  3 iguanas
  Jessica (D:3)
  2 centaur skeletons
  4 worker ants
  A howler monkey zombie (D:6)
  11 adders
  3 gnolls (D:4)
  A shadow imp (D:5)
  An ooze (D:2)
  6 worms
  A dart slug (D:2)
  2 leopard geckos
  25 orcs
  8 giant cockroaches
  11 hobgoblins
  15 jackals
  3 quokkas
  12 bats
  3 frilled lizards
  9 goblins
  A jackal zombie (D:6)
  9 kobolds
  A quokka zombie (D:8)
  3 rats
165 creatures vanquished.

Notes
Turn   | Place    | Note
-------+----------+-------------------------------------------
     0 | D:1      | Tarias the Octopode Fighter began the quest for the Orb.
     0 | D:1      | Reached XP level 1. HP: 16/16 MP: 1/1
    62 | D:1      | Reached XP level 2. HP: 12/21 MP: 2/2
   586 | D:1      | Reached skill level 3 in Polearms
   776 | D:1      | Reached XP level 3. HP: 26/26 MP: 3/3
  2034 | D:2      | Reached XP level 4. HP: 31/32 MP: 4/4
  2470 | D:2      | Reached skill level 4 in Polearms
  2759 | D:2      | Found a hazy altar of Hepliaklqana.
  2987 | D:3      | Noticed Jessica
  2988 | D:3      | Killed Jessica
  2988 | D:3      | Reached XP level 5. HP: 37/37 MP: 4/5
  3346 | D:3      | Found a runed translucent gate.
  3346 | D:3      | Found a runed translucent gate.
  3368 | D:3      | Found a runed translucent gate.
  3368 | D:3      | Noticed DonutEater's ghost (amateur GrEE)
  3597 | D:3      | Reached skill level 5 in Polearms
  3725 | D:4      | Reached XP level 6. HP: 44/44 MP: 6/6
  4723 | D:5      | Entered Level 5 of the Dungeon
  4828 | D:6      | Reached skill level 5 in Fighting
  4828 | D:6      | Reached skill level 6 in Polearms
  4828 | D:6      | Reached XP level 7. HP: 49/50 MP: 7/7
  5079 | D:6      | Reached skill level 7 in Polearms
  5923 | D:7      | Found a staircase to the Ecumenical Temple.
  5935 | Temple   | Entered the Ecumenical Temple
  5975 | Temple   | Became a worshipper of Gozag Ym Sagoz the Greedy
  6111 | D:7      | Reached XP level 8. HP: 55/57 MP: 8/8
  6178 | D:7      | Found a transporter.
  6182 | D:7      | Noticed a troll
  6244 | D:7      | Reached skill level 8 in Polearms
  6314 | D:7      | Found Amniroepp's Weapon Shoppe.
  6542 | D:7      | Found Vodel's Assorted Antiques.
  6545 | D:7      | Bought a scroll labeled NYXTAM CUYNA for 21 gold pieces
  6545 | D:7      | Bought a bubbling brown potion for 18 gold pieces
  6545 | D:7      | Bought a fizzy coppery potion for 18 gold pieces
  6881 | D:7      | Found Sevoag's Assorted Antiques.
  6889 | D:7      | Bought a scroll labeled VALE LYNUXTEAWK for 27 gold pieces
  7895 | D:8      | Noticed Psyche
  7901 | D:8      | Killed Psyche
  7901 | D:8      | Reached skill level 9 in Polearms
  7901 | D:8      | Reached XP level 9. HP: 64/64 MP: 9/9
  8447 | D:8      | Reached skill level 10 in Polearms
  9540 | D:8      | Noticed a two-headed ogre
  9626 | D:7      | Slain by a two-headed ogre

Levels and vault maps discovered:
D:1:      ncdulo_wetmaze, layout_basic
D:2:      layout_basic, nicolae_overflow_crystal_walls, serial_bayou,
          serial_bayou_pond_c, serial_bayou_pond_a, serial_bayou_lake_a,
          serial_bayou_pond_c, minmay_pentomino_w4
D:3:      layout_rooms, gammafunk_ghost_split, uniq_jessica
D:4:      layout_gridville, first_ration, fountainhead, minmay_misc_feat_roman,
          grunt_decor_mini_mirrors
D:5:      layout_loops_ring
D:6:      layout_rooms
D:7:      gammafunk_beogh_shrine, layout_basic,
          minmay_temple_entry_purple_smoke, serial_curves, eino_curves_03,
          eino_curves_02, serial_shops, shop_fountains, shop,
          nicolae_shop_behind_doors
D:8:      layout_basic, uniq_psyche
Temple:   grunt_wide_crystal_templ

Skill      XL: |  1  2  3  4  5  6  7  8  9 |
---------------+----------------------------+-----
Polearms       | 3 4 5 6 7 9 10 | 10.5
Fighting       | 4 5 7 8 |  8.0
Dodging        | |  3.0
Shields        | |  3.0

Action                   |  1- 3 |  4- 6 |  7- 9 || total
-------------------------+-------+-------+-------++-------
Melee: Trident           |    96 |   149 |   187 ||   432
       Constrict         |    15 |    35 |    31 ||    81
       Tentacles         |     7 |    27 |    48 ||    82
Throw: Dart              |     1 |       |       ||     1
Evoke: Wand              |       |       |     1 ||     1
  Use: Scroll            |       |    12 |     8 ||    20
 Stab: Sleeping          |     7 |    14 |    10 ||    31
       Distracted        |       |       |     2 ||     2
  Eat: Chunk             |     1 |     8 |     2 ||    11
       Ration            |     1 |       |     5 ||     6
Armor: Skin              |     7 |    12 |     6 ||    25
Dodge: Dodged            |    38 |    45 |    68 ||   151
Block: Shield            |    39 |    42 |    70 ||   151

Table legend:
 A = Non-vault XP
 B = Vault XP
 C = Vault XP percentage of total XP
 D = Non-vault monster count
 E = Vault monster count
 F = Vault count percentage of total count
                 A         B        C        D         E       F
            +---------+---------+-------+---------+---------+-------
      Total |    3141 |     522 |  14.3 |     156 |       9 |   5.5
            +---------+---------+-------+---------+---------+-------
        D:1 |      42 |       5 |  10.6 |      25 |       1 |   3.8
        D:2 |      81 |      26 |  24.3 |      32 |       6 |  15.8
        D:3 |     119 |      37 |  23.7 |      24 |       1 |   4.0
        D:4 |     234 |       0 |   0.0 |      16 |       0 |   0.0
        D:5 |     320 |       0 |   0.0 |      13 |       0 |   0.0
        D:6 |     498 |       0 |   0.0 |      18 |       0 |   0.0
        D:7 |     693 |       0 |   0.0 |       9 |       0 |   0.0
        D:8 |    1154 |     454 |  28.2 |      19 |       1 |   5.0
            +---------+---------+-------+---------+---------+-------
